 Dungeon Crawl Stone Soup version 0.29-a0-304-gb34f9e1 (webtiles) character file.

Game seed: 15689788466851454373

121 Think the Cudgeller (level 5, 0/45 HPs)
             Began as a Hill Orc Fighter on Mar 25, 2022.
             Slain by an adder (2 damage)
             ... on level 3 of the Dungeon.
             The game lasted 00:05:43 (2637 turns).

Think the Cudgeller (Hill Orc Fighter)              Turns: 2637, Time: 00:05:43

Health: 0/45       AC:  6    Str: 19    XL:     5   Next: 5%
Magic:  5/5        EV:  9    Int: 10    God:
Gold:   121        SH:  4    Dex: 10    Spells: 4/4 levels left

rFire   . . .      SeeInvis .   a - +0 war axe
rCold   . . .      Faith    .   c - +0 buckler
rNeg    . . .      Spirit   .   b - +0 scale mail
rPois   .          Reflect  .   (no helmet)
rElec   .          Harm     .   (no cloak)
rCorr   .          Rampage  .   (no gloves)
Will    .....                   (no boots)
Stlth   ..........              (no amulet)
HPRegen 0.15/turn               (no ring)
MPRegen 0.09/turn               (no ring)

@: mighty
A: no striking features
a: no special abilities


You were on level 3 of the Dungeon.
You visited 1 branch of the dungeon, and saw 3 of its levels.

You collected 121 gold pieces.

Inventory:

Hand Weapons
 a - a +0 war axe (weapon)
Armour
 b - a +0 scale mail (worn)
 c - a +0 buckler (worn)
 i - a +1 buckler of poison resistance
Jewellery
 f - an amulet of faith
 h - a ring of magical power
Scrolls
 e - 2 scrolls of identify {unknown}
 j - a scroll of silence {unknown}
Potions
 d - 2 potions of might
 g - a potion of degeneration {unknown}
 k - a potion of mutation {unknown}
 l - 2 potions of cancellation {unknown}


   Skills:
 - Level 3.6 Fighting
 - Level 2.6(4.7) Axes
 + Level 4.9(5.2) Maces & Flails
 - Level 3.2 Armour
 - Level 3.2 Shields


You had 4 spell levels left.
You didn't know any spells.
Your spell library contained the following spells:

 Spells                   Type           Power      Damage    Failure   Level
 Blink                    Tloc           0%         N/A       92%         2
 Ensorcelled Hibernation  Hex/Ice        0%         N/A       92%         2
 Passwall                 Tmut/Erth      0%         N/A       92%         2
 Lesser Beckoning         Tloc           0%         N/A       99%         3
 Swiftness                Air            0%         N/A       99%         3
 Cause Fear               Hex            0%         N/A       100%        4
 Manifold Assault         Tloc           0%         N/A       100%        5
 Dragon Form              Tmut           0%         N/A       100%        7
 Dragon's Call            Summ           0%         N/A       100%        9


Dungeon Overview and Level Annotations

Branches:
Dungeon (3/15)

Altars:

Shops:
D:3 (*[*


Message History

You are too injured to fight recklessly!
You are too injured to fight recklessly!
You are too injured to fight recklessly!
You barely miss the adder.
The adder is lightly wounded.
You feel sick. The adder bites you but does no damage. The adder bites you.
* * * LOW HITPOINT WARNING * * *
You are more poisoned.
The adder poisons you!
You barely miss the adder.
The adder is lightly wounded.
You feel very sick.
The adder bites you but does no damage. x2
You barely miss the adder.
The adder is lightly wounded.
You feel sick. The adder bites you but does no damage.
You feel sick. You block the adder's attack. The adder barely misses you.
The adder attacks as you move away! The adder bites you but does no damage.
You feel sick.
You feel sick. The adder bites you.
* * * LOW HITPOINT WARNING * * *
You feel sick.
Sorry, you're not good enough to have a special ability.
You feel very mighty all of a sudden.
You feel sick.
You are no longer poisoned.
The adder closely misses you. You block the adder's attack.
You miss the adder.
The adder is lightly wounded.
The adder bites you.
* * * LOW HITPOINT WARNING * * *
You block the adder's attack.
The endoplasm jiggles.
You barely miss the adder.
The adder is lightly wounded.
The adder barely misses you.
You closely miss the adder.
The adder is lightly wounded.
The adder bites you.
You die...

##...##.......### ....#
.....#†.......# ##.<..#
#......####.### ##.....#
#......# #.# #......#
.....#..# #.# #h#h...#
...####.###.# ###J#....#
.#..........#
#gg.##......
.######.##..####S###
...... .# #.....#...@#
J..... ##
###.#..#^######.......
####...#.................
###.....)....########.
.........##..#####
#......#.##......##
.....###.###.##...#
#..#+#...# #.##.#.#
<).+∩'...# #.##...#####


You could see an adder, an endoplasm, a jackal, a hobgoblin and a goblin.

Vanquished Creatures
  3 gnolls (D:2)
  2 adders
  A dart slug (D:1)
  7 orcs
  3 ball pythons
  6 bats
  2 endoplasms (D:1)
  A giant cockroach (D:1)
  7 goblins
  5 hobgoblins
  9 kobolds
  3 quokkas (D:1)
  12 frilled lizards
  4 rats
65 creatures vanquished.

Vanquished Creatures (others)
  5 plants (D:1)
5 creatures vanquished.

Grand Total: 70 creatures vanquished

Notes
Turn   | Place    | Note
-------+----------+-------------------------------------------
     0 | D:1      | Think the Hill Orc Fighter began the quest for the Orb.
     0 | D:1      | Reached XP level 1. HP: 19/19 MP: 1/1
    22 | D:1      | Reached skill level 1 in Maces & Flails
    51 | D:1      | Reached XP level 2. HP: 22/26 MP: 2/2
   124 | D:1      | Found a faded altar of an unknown god.
   129 | D:1      | Reached skill level 2 in Maces & Flails
   331 | D:1      | Reached XP level 3. HP: 31/31 MP: 3/3
   437 | D:1      | Reached skill level 3 in Maces & Flails
  1195 | D:2      | Reached XP level 4. HP: 39/39 MP: 4/4
  1667 | D:2      | Reached skill level 4 in Maces & Flails
  2389 | D:3      | Found Safufey's Weapon Shop.
  2426 | D:3      | Reached XP level 5. HP: 45/45 MP: 5/5
  2497 | D:3      | Found Umoaxayc's Antique Armour Shoppe.
  2528 | D:3      | Found Ukirhuonyu's General Store.
  2553 | D:3      | Found Ysughol's General Store.
  2635 | D:3      | HP: 2/45 [adder (2)]
  2637 | D:3      | Slain by an adder

Illustrated notes

Levels and vault maps discovered:
D:1:      sevenhm_arrival_forest_fort_small_3, layout_rooms,
          hellmonk_ecumenical_altar_arch_garden, chequers_serial_rivers_micro_c,
          grunt_decor_one_mirror, lexackson_kobold_supper
D:2:      wander_river, layout_basic, ebering_dispersal_statue_hall
D:3:      layout_rooms, serial_shops, shop, nicolae_shop_stone,
          nicolae_shop_behind_doors, shop

Skill      XL: |  1  2  3  4 |
---------------+-------------+-----
Maces & Flails | 1 2 3 4 |  4.9
Fighting       | |  3.6
Axes           | |  2.6
Armour         | |  3.2
Shields        | |  3.2

Action                   |  1- 3 |  4- 6 || total
-------------------------+-------+-------++-------
Melee: War axe           |   107 |    63 ||   170
  Use: Potion            |       |     1 ||     1
Armor: Scale mail        |    76 |    87 ||   163
Dodge: Dodged            |    71 |    86 ||   157
Block: Buckler           |    30 |    43 ||    73

Table legend: (Time is in decaauts)
 A = Elapsed time spent in this place.
 B = Non-inter-level travel time spent in this place.
 C = Inter-level travel time spent in this place.
 D = Time resting spent in this place.
 E = Time spent auto-exploring this place.
 F = Levels seen in this place.
 G = Mean time per level.
                   A        B        C        D        E       F      G
               +--------+--------+--------+--------+--------+-----+--------+
         Total |   2721 |   2624 |     97 |    216 |   1742 |   3 |  907.0 |
       Dungeon |   2721 |   2624 |     97 |    216 |   1742 |   3 |  907.0 |
               +--------+--------+--------+--------+--------+-----+--------+

Top non-repeatable levels by time:
     D:2: 1287 daAuts
     D:1: 987 daAuts
     D:3: 447 daAuts
